 Dungeon Crawl Stone Soup version 0.14.0-24-gfb45beb (webtiles) character file.

42981 Sabsy the Blocker (level 13, -45/70 HPs)
             Began as a Minotaur Chaos Knight on Apr 21, 2014.
             Was a Plaything of Xom.
             Killed from afar by a lich (46 damage)
             ... with a shard of ice
             ... on Level 1 of the Abyss on Apr 22, 2014.
             The game lasted 02:19:41 (22318 turns).

Sabsy the Blocker (Minotaur Chaos Knight)          Turns: 22318, Time: 02:19:41

HP -45/70        AC 14     Str 25      XL: 13   Next: 82%
MP   0/22        EV  8     Int  7      God: Xom
Gold 1037        SH 31     Dex  8      Spells:  0 memorised, 12 levels left

rFire  + . .     SeeInvis .     i - +5 rod of the swarm (7/12)
rCold  . . .     Clarity  .     A - +0 chain mail {rF+}
rNeg   . . .     Conserve .     w - +1 shield
rPois  +         rCorr    .     (helmet restricted)
rElec  .         rRot     .     m - +1 cloak
SustAb . .       Spirit   +     E - +0 pair of gloves
rMut   .         Warding  .     (no boots)
Saprov . . .     Stasis   .     F - amulet of guardian spirit
MR     .....                    B - ring of poison resistance
                                j - +3 ring of strength

@: non-regenerating, about to teleport, invisible (expiring), diseased, very
slightly contaminated, drained, not resistant to hostile enchantments, extremely
unstealthy
A: retaliatory headbutt, horns 2, talons 1, molten scales 1, blurry vision 1,
clumsy 1, deterioration 3, dopey 1, herbivore 1, fast metabolism 1, frail 3,
screaming 2, slow healing 1, wild magic 1
a: Renounce Religion


You were on level 1 of the Abyss.
You worshipped Xom.
You were a favourite toy of Xom.
You were not hungry.

You visited 2 branches of the dungeon, and saw 17 of its levels.
You visited the Abyss 1 time.

You collected 1037 gold pieces.

Inventory:

Hand weapons
 h - a +1,+0 mace of chaos
 o - a +3,+1 mace of protection
 L - a +4,+1 whip of holy wrath
Missiles
 k - 6 tomahawks of returning (quivered)
Armour
 m - a +1 cloak (worn)
 w - a +1 shield (worn)
 A - a +0 chain mail of fire resistance (worn)
 E - a +0 pair of gloves (worn)
Magical devices
 b - a wand of slowing (3)
 f - a wand of paralysis (9)
 g - a wand of lightning (0)
 t - a wand of flame (0)
 x - a wand of confusion (6)
 H - a wand of invisibility (0)
 R - a wand of digging (19)
Comestibles
 c - 4 bread rations
 T - a choko
 V - 3 rambutans
Scrolls
 a - 2 scrolls of immolation
 l - 12 scrolls of remove curse
 q - a scroll of identify
 y - a scroll of enchant armour
 I - a scroll of teleportation
 J - 3 scrolls of magic mapping
 M - a scroll of fear
 P - 3 scrolls of fog
Jewellery
 d - an uncursed ring of flight
 e - an uncursed amulet of conservation
 j - a +3 ring of strength (left hand)
 n - a +1 ring of evasion
 p - an uncursed ring of ice
 v - an uncursed ring of sustain abilities
 z - a +2 ring of strength
 B - a ring of poison resistance (right hand)
 F - an amulet of guardian spirit (around neck)
Books
 K - a book of Flames

   Spells                             Type                      Level
   Flame Tongue                       Conjuration/Fire             1
   Throw Flame                        Conjuration/Fire             2
   Conjure Flame                      Conjuration/Fire             3
   Inner Flame                        Hexes/Fire                   3
   Sticky Flame                       Conjuration/Fire             4
   Fireball                           Conjuration/Fire             5
 O - a book of the Dragon

   Spells                             Type                      Level
   Flight                             Charms/Air                   3
   Cause Fear                         Hexes                        4
   Bolt of Fire                       Conjuration/Fire             6
   Dragon Form                        Transmutation                7
   Dragon's Call                      Summoning                    9
 Q - a book of Unlife

   Spells                             Type                      Level
   Recall                             Summoning/Translocation      3
   Animate Dead                       Necromancy                   4
   Control Undead                     Necromancy                   4
   Twisted Resurrection               Necromancy                   5
   Death Channel                      Necromancy                   6
   Simulacrum                         Ice/Necromancy               6
Miscellaneous
 u - a lamp of fire
 N - a stone of tremors
 X - a plain deck of defence {Metamorphosis}
 Z - a box of beasts {used: 3}
Rods
 i - a +5 rod of the swarm (7/12) (weapon)
   (You found it on level 1 of the Abyss)


   Skills:
 - Level 5.2(4.9) Fighting
 + Level 15.8(15.4) Maces & Flails
 - Level 6.1(5.8) Armour
 - Level 5.0(4.7) Dodging
 + Level 17.6(17.2) Shields
 - Level 10.0(9.7) Evocations


You had 12 spell levels left.
You didn't know any spells.

Dungeon Overview and Level Annotations

Branches:
Dungeon (9/15)             Temple (0/1) D:6             Orc (0/4) D:9
   Lair (8/8) D:9          Shoals (0/5) Lair:4        Snake (0/5) Lair:5
  Slime (0/6) Lair:8

Altars:
Cheibriados
Fedhas
Makhleb
Okawaru
Beogh

Shops:
D:4 *   D:5 (

Annotations:
Lair:2 exclusion: oklob plant
Lair:7 exclusion: 3 oklob plants
Lair:8 Maud


Innate Abilities, Weirdness & Mutations

You reflexively headbutt those who attack you in melee.
You have a pair of horns on your head.
You have sharp toenails.
You are partially covered in molten scales (AC +1).
You are dopey. (Int -2)
Your spells are a little harder to cast, but a little more powerful.
[Your vision is a little blurry.]
[You are clumsy. (Dex -2)]
[Your body is rapidly deteriorating.]
[You digest meat inefficiently.]
[You have a fast metabolism.]
[You are extremely frail (-30% HP).]
[You sometimes yell uncontrollably.]
[You heal slowly when monsters are visible.]


Message History

The large abomination hits your smoke demon.
Your worker ant bites the large abomination!
The large abomination burns!
Your worker ant bites the large abomination.
The large abomination hits something!
Something completely misses the large abomination.
Something hits the large abomination. x2
Your scorpion stings the large abomination!
You aren't carrying any potions.
You feel a bit more experienced.
Read which item? (? for menu, Esc to quit)
As you read the scroll of teleportation, it crumbles to dust.
You feel strangely unstable.
Something touches you but does no damage.
You flicker for a moment.
You hear some strange, mumbled words.
The shard of ice hits you!
Ouch! That really hurt!
You die...
Xom bursts into laughter!

#.#
####....#...# #
.##.#
#......##..# .
#..... ....#.#..
## .. #.#
..#......sB..3.#
#. #.. #
##.#a.....#.#
#..#.
.##.#.#..#...#.
. .#.#.####.#.
......§
.#..#..#..### .
...# x.#...@..#
####..#
#...#.#.#..# ..
§.#............
..###...##..#
#.# .#..# #.#
...### . ... .


You could see a friendly goliath beetle, a friendly scorpion and a friendly
worker ant.

Vanquished Creatures
  Fannar (Lair:8)
  3 hydras
  A wretched star (Abyss:1)
  A sea snake (Lair:4)
  2 large abominations (Abyss:1)
  2 griffons
  6 elephants
  2 black mambas
  A smoke demon (Abyss:1)
  11 spiny frogs
  An orange demon (Abyss:1)
  3 fire drakes
  An ancient zyme (Abyss:1)
  5 komodo dragons
  20 blink frogs
  A slime creature (D:9)
  2 basilisks
  4 flying skulls (Abyss:1)
  A ynoxinul (Abyss:1)
  2 sharks (Lair:4)
  A neqoxec (Abyss:1)
  22 yaks
  3 polar bears (D:8)
  8 hippogriffs
  A naga (Lair:5)
  A wyvern (Lair:5)
  2 necrophages (D:8)
  12 wolves
  4 ice beasts
  11 porcupines
  2 sky beasts
  7 water moccasins
  A yellow wasp (D:7)
  A small abomination (Abyss:1)
  3 ogres
  A boring beetle (Lair:6)
  A giant goldfish (Lair:8)
  2 orc warriors (D:9)
  The ghost of Dodo the Poker, an average MfSk (D:3)
  8 crocodiles
  4 big kobolds
  2 centaurs (D:9)
  3 giant slugs
  6 giant frogs
  2 gnoll sergeants (D:8)
  2 scorpions
  2 electric eels (D:8)
  2 crimson imps (D:7)
  3 goliath beetles (D:8)
  A big fish (Lair:8)
  3 jellies
  A quasit (Lair:2)
  A centaur zombie (D:9)
  5 hounds
  9 iguanas
  16 orc wizards
  A giant frog skeleton (D:6)
  An iron imp (Abyss:1)
  8 worker ants
  7 orc priests
  37 sheep
  A centaur simulacrum (D:8)
  A two-headed ogre simulacrum (D:8)
  An ogre skeleton (D:4)
  A giant frog simulacrum (D:8)
  Terence (D:3)
  2 hound skeletons
  16 adders
  14 gnolls
  42 green rats
  A hound simulacrum (D:8)
  An ogre simulacrum (D:8)
  2 shadow imps
  A worm zombie (D:7)
  2 giant mites
  An inept feature mimic (D:7)
  3 white imps
  7 worms
  7 ufetubi
  16 giant geckos
  2 oozes (D:4)
  34 orcs
  13 giant cockroaches
  40 goblins
  34 hobgoblins
  15 jackals
  23 kobolds
  8 quokkas
  7 ball pythons
  15 bats
  A giant mite zombie (D:5)
  2 giant newts
  An orc skeleton (D:8)
  32 rats
  3 bushes
  2 fungi
  A plant (Lair:6)
631 creatures vanquished.

Vanquished Creatures (collateral kills)
  A bone dragon (Abyss:1)
  6 death yaks
  A large abomination (Abyss:1)
  Joseph (D:7)
  3 elephants (Lair:6)
  3 slime creatures (D:9)
  A black mamba (Lair:4)
  An ancient zyme (Abyss:1)
  A raiju (Abyss:1)
  A yak (D:9)
  2 hungry ghosts
  A water moccasin (Lair:4)
  A black bear (D:9)
  A jelly (D:8)
  An electric eel (Lair:4)
  An iguana (Lair:4)
  2 orc wizards
  Ijyb (D:7)
  A green rat (Lair:5)
  A white imp (Abyss:1)
  A worm (D:7)
  4 ufetubi (Abyss:1)
  A bat (D:9)
  2 goblins (D:3)
  5 hobgoblins
  A giant gecko (D:9)
  A giant newt (D:3)
46 creatures vanquished.

Vanquished Creatures (others)
  A fire elemental (Lair:5)
  2 yaks (D:9)
  A killer bee (Abyss:1)
  A quasit (Abyss:1)
  2 iron imps
  A worker ant (Abyss:1)
  4 green rats
  2 white imps
  4 shadow imps
  3 ufetubi
  An orc zombie (D:3)
  A rat (Lair:4)
  A bush (Lair:7)
  5 fungi (Lair:7)
  3 plants
32 creatures vanquished.

Grand Total: 709 creatures vanquished

Notes
Turn   | Place    | Note
--------------------------------------------------------------
     0 | D:1      | Sabsy, the Minotaur Chaos Knight, began the quest for the Orb.
     0 | D:1      | Reached XP level 1. HP: 19/19 MP: 1/1
    52 | D:1      | XOM: harmless Fire miscast
   168 | D:1      | Reached XP level 2. HP: 24/27 MP: 1/1
   412 | D:1      | Reached skill level 4 in Fighting
   525 | D:1      | XOM: divination: magic mapping
   526 | D:1      | XOM: harmless Pois miscast
   833 | D:2      | Reached XP level 3. HP: 31/33 MP: 2/2
   841 | D:2      | XOM: potion effect (might)
  1054 | D:2      | XOM: harmless Conj miscast
  1178 | D:2      | XOM: silly message
  1185 | D:2      | Reached XP level 4. HP: 38/41 MP: 2/2
  1531 | D:3      | Noticed Terence
  1550 | D:3      | Killed Terence
  1631 | D:3      | Reached skill level 5 in Maces & Flails
  1631 | D:3      | Reached XP level 5. HP: 13/47 MP: 2/2
  2187 | D:3      | Reached skill level 5 in Fighting
  2306 | D:3      | XOM: silly message
  2386 | D:3      | Reached XP level 6. HP: 49/56 MP: 3/3
  2417 | D:3      | Noticed a big kobold
  2418 | D:3      | Noticed a big kobold
  2432 | D:3      | Noticed a big kobold
  2432 | D:3      | XOM: noise
  2436 | D:3      | XOM: confuse monster(s)
  2437 | D:3      | XOM: divination: detect creatures
  2440 | D:3      | Killed a big kobold
  2499 | D:3      | XOM: enchant monster (bad)
  2517 | D:3      | XOM: confuse monster(s)
  3185 | D:3      | XOM: scenery: 1 doors close
  3371 | D:3      | Killed a big kobold
  3371 | D:3      | Reached skill level 6 in Maces & Flails
  3501 | D:3      | Noticed Dodo's ghost (average MfSk)
  3514 | D:3      | XOM: cast spell 'Stoneskin'
  3517 | D:3      | Killed Dodo's ghost
  3517 | D:3      | Reached skill level 5 in Armour
  3517 | D:3      | Reached XP level 7. HP: 45/61 MP: 3/3
  3606 | D:3      | XOM: silly message
  3754 | D:3      | XOM: harmless Necr miscast
  3804 | D:3      | Killed a big kobold
  4055 | D:4      | Found Preaf's General Store.
  4093 | D:4      | XOM: polymorph kobold -> hobgoblin
  4098 | D:4      | Found an iron altar of Okawaru.
  4106 | D:4      | Found a blossoming altar of Fedhas.
  4113 | D:4      | Found a burning altar of Makhleb.
  4264 | D:4      | XOM: potion effect (invisibility)
  4278 | D:4      | XOM: divination: detect items
  4337 | D:4      | XOM: divination: detect items
  4432 | D:4      | Reached skill level 7 in Maces & Flails
  4432 | D:4      | Reached skill level 5 in Dodging
  4830 | D:5      | Entered Level 5 of the Dungeon
  4888 | D:5      | Reached skill level 1 in Shields
  4888 | D:5      | Reached XP level 8. HP: 68/68 MP: 3/3
  4967 | D:5      | XOM: summons 8 friendly demons
  5110 | D:5      | XOM: god gift: lamp of fire
  5207 | D:5      | Found Brunich's Weapon Emporium.
  5265 | D:5      | XOM: 1-stop teleportation journey
  5405 | D:5      | XOM: give mutations
  5405 | D:5      | Gained mutation: You are robust (+10% HP). [Xom's grace]
  5405 | D:5      | Gained mutation: You are partially covered in molten scales (AC +1). [Xom's grace]
  5764 | D:5      | XOM: scenery: 1 doors close
  5787 | D:5      | XOM: vitrification
  5928 | D:6      | Reached skill level 1 in Evocations
  6031 | D:6      | Found a staircase to the Ecumenical Temple.
  6050 | D:6      | Lost mutation: You are robust (+10% HP). [potion of mutation]
  6050 | D:6      | Gained mutation: Your spells are a little harder to cast, but a little more powerful. [potion of mutation]
  6050 | D:6      | Gained mutation: You are robust (+10% HP). [potion of mutation]
  6074 | D:6      | Upgraded the game from 0.14.0-20-g75a2fc2 to 0.14.0-24-gfb45beb
  6094 | D:6      | XOM: enchant monster (good)
  6342 | D:6      | XOM: 1-stop teleportation journey
  6442 | D:6      | XOM: enchant monster (good)
  6723 | D:7      | XOM: summons 8 friendly demons
  6724 | D:7      | Reached skill level 5 in Shields
  6834 | D:7      | XOM: vitrification
  6847 | D:7      | XOM: inner flame monster(s)
  6869 | D:7      | XOM: summons friendly iron imp
  6894 | D:7      | Found a staircase to the Ecumenical Temple.
  6894 | D:7      | XOM: 3-stop teleportation journey
  7120 | D:7      | Noticed Joseph
  7124 | D:7      | Noticed Ijyb
  7124 | D:7      | XOM: confuse monster(s)
  7137 | D:7      | Killed Joseph
  7137 | D:7      | Reached skill level 5 in Evocations
  7137 | D:7      | Reached XP level 9. HP: 64/81 MP: 9/11
  7144 | D:7      | Killed Ijyb
  7193 | D:7      | the staircase to the Ecumenical Temple was a mimic.
  7305 | D:7      | XOM: god gift: scale mail {god gift}
  7705 | D:8      | XOM: divination: detect items
  7728 | D:8      | XOM: harmless Chrm miscast
  7890 | D:8      | XOM: cast spell 'Ring of Flames'
  7895 | D:8      | Reached skill level 8 in Shields
  8027 | D:8      | XOM: swap weapons
  8113 | D:8      | XOM: medium Hex miscast
  8196 | D:8      | Found a snail-covered altar of Cheibriados.
  8211 | D:8      | XOM: colour smoke trail
  8276 | D:8      | XOM: 3-stop teleportation journey
  8277 | D:8      | Noticed a death yak
  8281 | D:8      | XOM: divination: magic mapping
  8296 | D:8      | XOM: confusion
  8311 | D:8      | XOM: noise
  8345 | D:7      | XOM: confusion
  8628 | D:8      | XOM: medium Divn miscast
  8646 | D:8      | XOM: harmless Fire miscast
  8680 | D:8      | XOM: cast spell 'Discord'
  8683 | D:8      | Reached skill level 9 in Shields
  8731 | D:8      | XOM: silly message
  9275 | D:8      | XOM: cast spell 'Blink'
  9280 | D:8      | Reached XP level 10. HP: 79/89 MP: 16/16
  9310 | D:8      | XOM: colour smoke trail
  9527 | D:8      | XOM: enchant monster (good)
  9723 | D:8      | XOM: blink monster(s)
  9936 | D:8      | XOM: silly message
 10042 | D:8      | Reached skill level 10 in Shields
 10530 | D:8      | Killed a death yak
 10536 | D:8      | XOM: divination: detect creatures
 10778 | D:8      | XOM: colour smoke trail
 10812 | D:9      | XOM: confuse monster(s)
 10843 | D:9      | XOM: enchant monster (good)
 10845 | D:9      | XOM: summons 2 friendly demons
 10972 | D:9      | XOM: mild Fire miscast
 11078 | D:9      | XOM: enchant monster (good)
 11094 | D:9      | XOM: confuse monster(s)
 11139 | D:9      | XOM: medium Tloc miscast
 11248 | D:9      | XOM: medium Divn miscast
 11347 | D:9      | XOM: 2-stop teleportation journey
 11349 | D:9      | XOM: give mutations
 11349 | D:9      | Gained mutation: You have sharp toenails. [Xom's mischief]
 11349 | D:9      | Lost mutation: You are robust (+10% HP). [Xom's mischief]
 11569 | D:9      | XOM: divination: detect items
 11573 | D:9      | XOM: summons 2 friendly demons
 11574 | D:9      | XOM: 1-stop teleportation journey
 11595 | D:9      | XOM: confuse monster(s)
 11604 | D:9      | XOM: summons 10 friendly demons
 11613 | D:9      | Reached skill level 11 in Shields
 12020 | D:9      | XOM: divine lightning
 12023 | D:9      | XOM: inner flame monster(s)
 12040 | D:9      | XOM: confuse monster(s)
 12344 | D:9      | XOM: cast spell 'Necromutation'
 12402 | D:9      | Reached XP level 11. HP: 88/88 MP: 20/20
 12405 | D:9      | XOM: god gift: ruby ring {god gift}
 12406 | D:9      | XOM: confuse monster(s)
 12429 | D:9      | Reached skill level 12 in Shields
 12432 | D:9      | Reached skill level 10 in Evocations
 12456 | D:9      | Found a staircase to the Orcish Mines.
 12506 | D:9      | Found a staircase to the Lair.
 12512 | D:9      | XOM: god gift: 52 gold pieces
 12602 | D:9      | Found a roughly hewn altar of Beogh.
 12651 | Lair:1   | Entered Level 1 of the Lair of Beasts
 12813 | Lair:1   | XOM: inner flame monster(s)
 12818 | Lair:1   | XOM: god gift: potion of heal wounds
 12913 | Lair:1   | XOM: harmless Erth miscast
 13304 | Lair:1   | XOM: harmless Fire miscast
 13703 | Lair:2   | XOM: harmless Pois miscast
 13768 | Lair:2   | XOM: harmless Necr miscast
 13810 | Lair:2   | XOM: potion effect (might)
 13837 | Lair:2   | XOM: mild Summ miscast
 14036 | Lair:2   | Reached skill level 13 in Shields
 14250 | Lair:2   | XOM: silly message
 14361 | Lair:2   | XOM: silly message
 14404 | Lair:2   | Reached skill level 10 in Maces & Flails
 14500 | Lair:2   | XOM: mild Conj miscast
 15326 | Lair:3   | Noticed a six-headed hydra
 15332 | Lair:3   | Killed a six-headed hydra
 15355 | Lair:3   | XOM: cast spell 'Ice Form'
 15372 | Lair:3   | XOM: inner flame monster(s)
 15384 | Lair:3   | XOM: silly message
 15390 | Lair:3   | XOM: summons friendly quasit
 15392 | Lair:3   | XOM: confuse monster(s)
 15642 | Lair:3   | XOM: swap monsters
 15761 | Lair:3   | XOM: swap monsters
 15786 | Lair:3   | XOM: enchant monster (good)
 16011 | Lair:4   | XOM: summons friendly shadow imp
 16150 | Lair:4   | Reached skill level 14 in Shields
 16162 | Lair:4   | Reached XP level 12. HP: 36/94 MP: 13/22
 16435 | Lair:4   | Paralysed by a potion of paralysis for 6 turns
 16591 | Lair:4   | XOM: vitrification
 16597 | Lair:4   | XOM: mild Chrm miscast
 16794 | Lair:4   | XOM: divination: magic mapping
 16801 | Lair:4   | XOM: divination: detect creatures
 16915 | Lair:4   | Found a staircase to the Shoals.
 16919 | Lair:4   | XOM: polymorph snapping turtle -> sea snake
 17148 | Lair:4   | XOM: summons friendly shadow imp
 17150 | Lair:4   | XOM: inner flame monster(s)
 17346 | Lair:5   | Gained mutation: [You occasionally shout uncontrollably.] [potion of mutation]
 17346 | Lair:5   | Gained mutation: You are dopey. (Int -2) [potion of mutation]
 17346 | Lair:5   | Gained mutation: [Your body is slowly deteriorating.] [potion of mutation]
 17474 | Lair:5   | XOM: inner flame monster(s)
 17553 | Lair:5   | XOM: summons 3 friendly demons
 17576 | Lair:5   | Reached skill level 15 in Shields
 17649 | Lair:5   | Found a staircase to the Snake Pit.
 17792 | Lair:5   | XOM: snakes to sticks
 17814 | Lair:5   | XOM: inner flame monster(s)
 18200 | Lair:5   | XOM: harmless Fire miscast
 18216 | Lair:5   | XOM: cast spell 'Blink'
 18289 | Lair:5   | XOM: harmless Trmt miscast
 18531 | Lair:6   | XOM: cast spell 'Stoneskin'
 18564 | Lair:6   | XOM: cast spell 'Dispersal'
 18596 | Lair:6   | Reached skill level 16 in Shields
 19105 | Lair:6   | XOM: enchant monster (good)
 19115 | Lair:6   | XOM: cast spell 'Cause Fear'
 19119 | Lair:6   | XOM: divination: detect creatures
 19120 | Lair:6   | XOM: inner flame monster(s)
 19125 | Lair:6   | Reached XP level 13. HP: 86/100 MP: 19/22
 19188 | Lair:6   | XOM: enchant monster (bad)
 19531 | Lair:7   | XOM: confuse monster(s)
 19689 | Lair:7   | XOM: enchant monster (good)
 19695 | Lair:7   | XOM: divination: magic mapping
 19703 | Lair:7   | XOM: enchant monster (good)
 19710 | Lair:7   | XOM: inner flame monster(s)
 19736 | Lair:7   | XOM: potion effect (brilliance)
 19820 | Lair:7   | XOM: confusion (+ monsters)
 19861 | Lair:7   | XOM: confusion
 20194 | Lair:7   | XOM: noise
 20419 | Lair:7   | XOM: summons friendly shadow imp
 20450 | Lair:7   | XOM: divination: detect items
 20564 | Lair:7   | XOM: confuse monster(s)
 20601 | Lair:7   | XOM: harmless Fire miscast
 20908 | Lair:7   | XOM: god gift: robe {god gift}
 21083 | Lair:8   | Entered Level 8 of the Lair of Beasts
 21083 | Lair:8   | Noticed Fannar
 21150 | Lair:8   | XOM: summons friendly iron imp
 21209 | Lair:8   | XOM: confuse monster(s)
 21232 | Lair:8   | Paralysed by Fannar for 4 turns
 21234 | Lair:8   | Killed Fannar
 21282 | Lair:8   | Reached skill level 17 in Shields
 21307 | Lair:8   | XOM: potion effect (heal wounds)
 21317 | Lair:8   | Reached skill level 15 in Maces & Flails
 21344 | Lair:8   | Found a staircase to the Slime Pits.
 21403 | Lair:8   | XOM: polymorph pulsating lump -> shining eye
 21412 | Lair:8   | XOM: harmless Hex miscast
 21632 | Lair:8   | Noticed Maud
 21636 | Lair:8   | XOM: harmless Fire miscast
 21640 | Lair:8   | XOM: 1-stop teleportation journey
 21726 | Lair:8   | Cast into the Abyss (Xom)
 21726 | Abyss:1  | Found a corrupted altar of Lugonu.
 21750 | Abyss:1  | XOM: enchant monster (bad)
 21815 | Abyss:1  | XOM: confuse monster(s)
 21822 | Abyss:1  | XOM: summons 6 friendly demons
 21828 | Abyss:1  | XOM: divination: detect creatures
 21870 | Abyss:1  | XOM: confuse monster(s)
 21882 | Abyss:1  | XOM: confuse monster(s)
 21895 | Abyss:1  | XOM: swap monsters
 21933 | Abyss:1  | XOM: summons 2 friendly demons
 21935 | Abyss:1  | XOM: enchant monster (good)
 21954 | Abyss:1  | Noticed a bone dragon
 21959 | Abyss:1  | XOM: inner flame monster(s)
 21973 | Abyss:1  | XOM: potion effect (berserk rage)
 21975 | Abyss:1  | XOM: potion effect (invisibility)
 21995 | Abyss:1  | XOM: potion effect (heal wounds)
 22003 | Abyss:1  | XOM: swap monsters
 22021 | Abyss:1  | XOM: summons 5 friendly demons
 22030 | Abyss:1  | Killed a bone dragon
 22053 | Abyss:1  | XOM: harmless Trmt miscast
 22093 | Abyss:1  | XOM: enchant monster (good)
 22176 | Abyss:1  | XOM: summons friendly shadow imp
 22183 | Abyss:1  | XOM: divination: magic mapping
 22205 | Abyss:1  | XOM: blink monster(s)
 22236 | Abyss:1  | XOM: divination: detect creatures
 22254 | Abyss:1  | XOM: summons 2 friendly demons
 22267 | Abyss:1  | Identified a +5 rod of the swarm (12/12) (You found it on level 1 of the Abyss)
 22296 | Abyss:1  | Noticed a lich
 22304 | Abyss:1  | HP: 3/70 [ancient zyme (3)]
 22312 | Abyss:1  | XOM: enchant monster (good)
 22314 | Abyss:1  | HP: 1/70 [something (2)]
 22318 | Abyss:1  | Killed from afar by a lich

Action                   |  1- 3 |  4- 6 |  7- 9 | 10-12 | 13-15 || total
-------------------------+-------+-------+-------+-------+-------++-------
Melee: Mace              |    77 |   187 |    26 |  1157 |   410 ||  1857
       Flail             |       |    29 |    41 |       |       ||    70
       Whip              |       |       |   712 |   212 |   208 ||  1132
       Unarmed           |       |       |       |    10 |       ||    10
Throw: Stone             |       |     6 |       |       |       ||     6
       Tomahawk          |       |       |    12 |    16 |       ||    28
Evoke: Wand              |       |       |    33 |    20 |     8 ||    61
       Lamp of fire      |       |       |     1 |     2 |     1 ||     4
       Stone of tremors  |       |       |       |     1 |     1 ||     2
       Box of beasts     |       |       |       |     3 |     2 ||     5
       Crystal ball of e |       |       |       |     1 |       ||     1
       Rod               |       |       |       |       |     2 ||     2
  Use: Scroll            |       |     5 |     6 |    15 |     5 ||    31
       Potion            |       |     6 |     5 |    13 |     5 ||    29
 Stab: Confused          |       |     1 |     2 |       |     9 ||    12
       Invisible         |       |       |     1 |       |     2 ||     3
       Sleeping          |       |       |     1 |       |       ||     1
       Paralysed         |       |       |     1 |     1 |     6 ||     8
       Fleeing           |       |       |     1 |     1 |       ||     2
       Distracted        |       |       |       |     1 |       ||     1
